 Dungeon Crawl Stone Soup version 0.31.0-12-g77e489cdc1 (webtiles) character file.

Game seed: 6514536466360827476

6 monsoonserge the Sneak (level 1, -2/11 HPs)
             Began as a Spriggan Delver on Feb 21, 2024.
             Killed by divine providence
             ... invoked by an orc priest
              (13 damage)
             ... on level 3 of the Dungeon.
             The game lasted 00:00:47 (116 turns).

monsoonserge the Sneak (Spriggan Delver)             Turns: 116, Time: 00:00:48

Health: -2/11      AC:  2    Str:  8    XL:     1   Next: 75%
Magic:  2/2        EV: 17    Int: 11    God:
Gold:   7          SH:  0    Dex: 16    Spells: 0/0 levels left

rFire   . . .        a - +0 short sword
rCold   . . .        (no shield)
rNeg    . . .        b - +0 robe
rPois   .            (helmet restricted)
rElec   .            (no cloak)
rCorr   .            (gloves unavailable)
SInv    +            (boots unavailable)
Will    .....        (no amulet)
Stlth   ++++         (no ring)
HPRegen 0.21/turn    (no ring)
MPRegen 0.08/turn

%: no passive effects
@: very quick
A: very small, no large weapons, unfitting armour, see invisible, speed 3
a: no special abilities


You were on level 3 of the Dungeon.
You visited 1 branch of the dungeon, and saw 3 of its levels.

You collected 7 gold pieces.

Inventory:

Hand Weapons
 a - a +0 short sword (weapon)
Armour
 b - a +0 robe (worn)
Jewellery
 j - a ring of ice
Wands
 g - a wand of digging (3)
Scrolls
 c - a scroll of fog
 d - a scroll of revelation
 e - a scroll of fear
 h - a scroll of amnesia {unknown}
 i - a scroll of identify {unknown}
Potions
 f - a potion of haste


   Skills:
 + Level 2.4 Fighting
 + Level 2.2 Short Blades
 + Level 2.7 Dodging
 + Level 7.6 Stealth


You couldn't memorise any spells.
You didn't know any spells.
Your spell library was empty.

Dungeon Overview and Level Annotations

Branches:
Dungeon (5/15)
 Temple: D:4-7

Altars:

Annotations:
D:3 Natasha


Innate Abilities, Weirdness & Mutations

You are very small and have problems with some larger weapons.
You are too small for most types of armour.
You have supernaturally acute eyesight. (SInv)
You cover ground extremely quickly. (Speed+++)


Message History

The giant cockroach bites you but does no damage.
You hit the giant cockroach but do no damage.
The giant cockroach is heavily wounded.
The giant cockroach misses you.
You hit the giant cockroach.
The giant cockroach is severely wounded.
The giant cockroach barely misses you.
You hit the giant cockroach.
The giant cockroach is almost dead.
The giant cockroach misses you.
You barely miss the giant cockroach.
The giant cockroach is almost dead.
The giant cockroach bites you.
You hit the giant cockroach.
You kill the giant cockroach!
You see here a giant cockroach corpse. 3 jackals come into view.
Found a scroll labelled BISIRI BEGU.
The jackal barks!
You hear a shout! x2
The jackal enters a dispersal trap!
The jackal blinks! x2; You blink.
Found 3 stones.
The jackal blinks!
An orc comes into view. It is wielding a +0 club.
The jackal moves out of view.
The orc shouts!
The jackal barks! x2
You hit the jackal.
The jackal is almost dead.
The jackal barely misses you.
You miss the jackal.
The jackal is almost dead.
The jackal barely misses you.
An orc priest comes into view. It is wielding a +0 whip.
You barely miss the jackal. The jackal barely misses you.
Natasha, Servant of Life and Death comes into view.
The jackal closely misses you.
You hit the jackal.
You kill the jackal!
The orc priest calls down the wrath of Beogh upon you.
Beogh smites you!
Ouch! That really hurt!
You die...

#....#.#
#.^....#
#....###
#o###....#
#....hh..#
##o#. #.#
#o#############
#(..h..@.......
###############


You could see an orc priest and a jackal.

Vanquished Creatures
  2 giant cockroaches (D:3)
  A jackal (D:3)
  A kobold (D:3)
  A frilled lizard (D:3)
5 creatures vanquished.

Notes
Turn   | Place    | Note
-------+----------+-------------------------------------------
     0 | D:5      | monsoonserge the Spriggan Delver began the quest for the
                  | Orb.
     0 | D:5      | Reached XP level 1. HP: 11/11 MP: 2/2
   105 | D:3      | Noticed an orc priest
   109 | D:3      | Noticed Natasha
   116 | D:3      | Killed from afar by an orc priest

Illustrated notes

Levels and vault maps discovered:
D:3:      layout_basic, minitemple, minmay_randomly_rotated_circles,
          uniq_natasha
D:4:      layout_gridville, tso_metal_star, temple_statues,
          gammafunk_ghost_grave
D:5:      layout_rooms, hangedman_feature_mirror, minivault_4

Action                     || total
---------------------------++-------
  Melee: Short sword       ||    23
   Stab: Sleeping          ||     1
 Armour: Robe              ||     3
  Dodge: Dodged            ||    19
